 Dungeon Crawl Stone Soup version 0.26-b1-32-g5d43845318 (webtiles) character file.

Game seed: 9604745262501094744

304 Borgoz the Cudgeller (level 6, 0/38 HPs)
             Began as a Gargoyle Gladiator on Jan 11, 2021.
             Killed from afar by an orc wizard (4 damage)
             ... with a magic dart
             ... on level 4 of the Dungeon.
             The game lasted 00:03:58 (4547 turns).

Borgoz the Cudgeller (Gargoyle Gladiator)           Turns: 4547, Time: 00:03:58

Health: 0/38       AC:  8    Str: 19    XL:     6   Next: 38%
Magic:  6/6        EV: 13    Int:  9    God:
Gold:   175        SH:  5    Dex: 11    Spells: 5/5 levels left

rFire    . . .     SeeInvis .   a - +0 flail
rCold    . . .     Faith    .   (no shield)
rNeg     + . .     Spirit   .   b - +0 leather armour
rPois    ∞         Reflect  +   c - +0 helmet
rElec    +         Harm     .   (no cloak)
rCorr    .         Rampage  .   (no gloves)
Will     .....                  (no boots)
Stlth    +.........             g - amulet of reflection
HPRegen  0.12/turn              (no ring)
MPRegen  0.10/turn              (no ring)

@: no status effects
A: negative energy resistance 1, electricity resistance, unbreathing,
petrification resistance, miasma immunity, AC +4
a: no special abilities


You were on level 4 of the Dungeon.
You visited 1 branch of the dungeon, and saw 4 of its levels.
You also visited: Sewer.

You collected 175 gold pieces.

Inventory:

Hand Weapons
 a - a +0 flail (weapon)
Missiles
 d - 2 throwing nets (quivered)
Armour
 b - a +0 leather armour (worn)
 c - a +0 helmet (worn)
Jewellery
 g - an amulet of reflection (around neck)
Scrolls
 e - 6 scrolls of remove curse
 h - 4 scrolls of fear
 i - a scroll of identify
 k - a scroll of immolation {unknown}
 l - 2 scrolls of magic mapping
 m - 2 scrolls of teleportation
 o - a scroll of noise {unknown}
 p - a scroll of enchant armour {unknown}
 q - a scroll of fog {unknown}
Potions
 j - 2 potions of flight {unknown}


   Skills:
 + Level 3.7 Fighting
 * Level 4.9 Maces & Flails
 - Level 1.7 Throwing
 * Level 4.0 Dodging


You had 5 spell levels left.
You didn't know any spells.
Your spell library was empty.

Dungeon Overview and Level Annotations

Branches:
Dungeon (4/15)              Sewer (visited)
 Temple: D:4-7

Altars:
Nemelex Xobeh
Xom
The Shining One


Innate Abilities, Weirdness & Mutations

You are resistant to torment.
Your stone body is resilient. (AC +4)
You are immune to poison.
You resist negative energy. (rN+)
You are resistant to electric shocks. (rElec)
You can survive without breathing.
You are immune to petrification.
You are immune to miasma.


Message History

You barely miss the orc wizard.
The orc wizard is severely wounded.
You block the orc wizard's attack. The orc hits you but does no damage.
You block the orc wizard's attack.
You sock the orc!
You kill the orc!
The orc wizard misses you.
You miss the orc wizard.
The orc wizard is severely wounded.
The orc wizard barely misses you. x2
You barely miss the orc wizard.
The orc wizard is severely wounded.
The orc wizard hits you with a +0 dagger.
* * * LOW HITPOINT WARNING * * *
The orc wizard casts a spell.
The orc wizard blinks!
The orc wizard is no longer moving quickly.
The orc wizard points at you and mumbles some strange words.
The magic dart hits you.
You die...

.....#......###*,,,,,,,,,,,,,....
$.............**,,,,,,....,...#..
..............#,,*,,..........#..
..##.#..........,*,..............
,,.............##*,..............
,,.............#####.............
,,,**,,*#........#.#...##......#.
,,****,*....o..))#.........##....
,,***,,,,.....#)@.........#.##..#
,,,,,,,,,...,,#.................#
,**,,,**,#*,#....#..............#
,***,**,,***##...#.###...........
,,**,,,,,**###..........#........
,,,,,,,,,,,.........#..###.......
,,,,,,,,,..##.....#.##...........
,,**,,*,*#..#.....#..............
,,,,,,***#........#..###.#.#.#.#.


You could see an orc wizard.

Vanquished Creatures
  An ogre (D:4)
  A big kobold (Sewer)
  An orc priest (D:4)
  A worker ant (D:3)
  3 adders (D:3)
  An ooze (D:3)
  4 worms
  2 leopard geckos
  7 orcs
  3 goblins
  2 hobgoblins
  7 jackals
  A quokka (D:3)
  A ball python (D:1)
  6 bats
  2 frilled lizards
  7 kobolds
  7 rats
57 creatures vanquished.

Vanquished Creatures (others)
  An orc wizard (D:4)
1 creature vanquished.

Grand Total: 58 creatures vanquished

Notes
Turn   | Place    | Note
-------+----------+-------------------------------------------
     0 | D:1      | Borgoz the Gargoyle Gladiator began the quest for the Orb.
     0 | D:1      | Reached XP level 1. HP: 12/12 MP: 1/1
   410 | D:1      | Reached XP level 2. HP: 16/18 MP: 2/2
   522 | D:1      | Found a glowing golden altar of the Shining One.
  1951 | D:3      | Found a shimmering altar of Xom.
  1952 | D:3      | Found a shimmering altar of Xom.
  1953 | D:3      | Found a shimmering altar of Xom.
  1954 | D:3      | Found a shimmering altar of Xom.
  1962 | D:3      | Reached XP level 3. HP: 4/22 MP: 3/3
  2761 | D:3      | Found a sparkling altar of Nemelex Xobeh.
  2838 | D:3      | Reached XP level 4. HP: 19/27 MP: 4/4
  3598 | D:4      | Noticed an ogre
  3816 | D:4      | Found a glowing drain.
  4001 | Sewer    | Entered a sewer
  4004 | Sewer    | Reached XP level 5. HP: 21/32 MP: 5/5
  4257 | Sewer    | Noticed a big kobold
  4287 | Sewer    | Killed a big kobold
  4390 | Sewer    | Found a glowing silver altar of Zin.
  4493 | D:4      | Killed an ogre
  4494 | D:4      | Reached XP level 6. HP: 38/38 MP: 6/6
  4547 | D:4      | Killed from afar by an orc wizard

Illustrated notes

Levels and vault maps discovered:
D:1:      dpeg_arrival_circle_labyrinth_c, layout_basic, tso_metal_star
D:2:      layout_basic
D:3:      layout_loops_corners, nicolae_overflow_crystal_walls, xom_redecorated
D:4:      minmay_goblin_kobold_castle, layout_cave_pools,
          cheibrodos_sewer_entry_bend

Skill      XL: |  1  2  3  4  5 |
---------------+----------------+-----
Dodging        | 3 4 |  4.0
Fighting       | 3 |  3.7
Maces & Flails | 4 |  4.9
Throwing       | |  1.7

Action                   |  1- 3 |  4- 6 || total
-------------------------+-------+-------++-------
Melee: Flail             |   118 |   183 ||   301
Throw: Throwing net      |     1 |     1 ||     2
  Use: Scroll            |       |     5 ||     5
       Potion            |       |     8 ||     8
 Stab: Held in net/web   |       |     2 ||     2
       Sleeping          |       |     1 ||     1
Armor: Leather armour    |    63 |   103 ||   166
Dodge: Dodged            |    98 |   173 ||   271
Block: Other             |       |    32 ||    32
       Reflection        |       |     4 ||     4
